 Dungeon Crawl Stone Soup version 0.24-a0-232-g49d9ff8 (webtiles) character file.

Game seed: 5299960774672063856

941 Ijustatesigmund the Cleaver (level 8, -1/52 HPs)
             Began as an Octopode Fighter on Apr 4, 2019.
             Slain by a sky beast (5 damage)
             ... on level 5 of the Dungeon.
             The game lasted 00:07:47 (4374 turns).

Ijustatesigmund the Cleaver (Octopode Fighter)      Turns: 4374, Time: 00:07:48

Health: -1/52      AC:  1    Str: 15    XL:     8   Next: 12%
Magic:  8/8        EV: 12    Int: 10    God:
Gold:   369        SH: 10    Dex: 14    Spells: 7/7 levels left

rFire    . . .     SeeInvis .   a - +0 broad axe
rCold    . . .     Gourm    .   b - +1 shield
rNeg     + . .     Faith    .   (helmet restricted)
rPois    .         Spirit   .   j - amulet of rage
rElec    .         Reflect  .   e - ring of positive energy
rCorr    .         Harm     .   (no ring)
MR       .....                  (no ring)
Stlth    ++........             (no ring)
HPRegen  0.17/turn              (no ring)
MPRegen  0.11/turn              (no ring)
                                (no ring)
                                (no ring)

@: lethally poisoned (-1 -> -3)
A: almost no armour, stealthy swim, amphibious, 8 rings, constrict 8, camouflage
1, gelatinous body 1
a: Evoke Berserk Rage


You were on level 5 of the Dungeon.
You were not hungry.

You visited 1 branch of the dungeon, and saw 5 of its levels.

You collected 369 gold pieces.

Inventory:

Hand Weapons
 a - a +0 broad axe (weapon)
Armour
 b - a +1 shield (worn)
Jewellery
 e - a ring of positive energy (left tentacle)
 j - an amulet of rage (around mantle)
 l - an uncursed ring of ice
Scrolls
 f - 3 scrolls of remove curse
 h - a scroll of immolation
 i - a scroll of identify
 k - 3 scrolls of teleportation
Potions
 m - a potion of cancellation
Comestibles
 d - 5 rations


   Skills:
 + Level 3.2 Fighting
 - Level 9.0 Axes
 + Level 3.2 Dodging
 + Level 3.2 Shields


You had 7 spell levels left.
You didn't know any spells.
Your spell library was empty.

Dungeon Overview and Level Annotations

Branches:
Dungeon (5/15)
 Temple: D:4-7

Altars:
Ru
Beogh

Annotations:
D:3 2 transporters, Borgoz's ghost, amateur KoGl


Innate Abilities, Weirdness & Mutations

You cannot wear most types of armour.
You are very stealthy in the water. (Stealth+)
You are amphibious.
You can wear up to eight rings at the same time.
You can use your tentacles to constrict eight enemies at once.
Your skin changes colour to match your surroundings (Stealth+).
Your rubbery body absorbs attacks. (AC +1, EV +1)


Message History

The worker ant bites you but does no damage.
You block the sky beast's attack. The worker ant bites you!
The sky beast flickers out of sight!
Deactivating autopickup; reactivate with Ctrl-A.
Something hits you. Something shocks you.
* * * LOW HITPOINT WARNING * * *
Okay, then.
You aren't carrying any items that you can evoke.
You hit the worker ant but do no damage.
The worker ant is almost dead.
You hit something. You constrict the worker ant.
You kill the worker ant!
You feel sick. Something hits you.
* * * LOW HITPOINT WARNING * * *
Something shocks you.
* * * LOW HITPOINT WARNING * * *
You miss something. Something hits you.
* * * LOW HITPOINT WARNING * * *
Something shocks you.
You die...

# #...#....... #
............ # #
##############.####. #
.. #..%..§#.§. #.# #. #
#.. #...##§#§§####.# ##
#...#....§§§.§§§##.#
#####
#........§#§§.#....#####
....#
#........§.§§.........
.....#
#...@(...####...#####
......# #....{.....#
#....## ......#
#....$......#####..###
......#
#....................#
......#
#...............##.#..
......#
.............#.........
......#
####...(...#............
...
.........##.......... ..
#####.<....


There were no monsters in sight!

Vanquished Creatures
  An ogre (D:3)
  A centaur (D:4)
  2 scorpions
  A bullfrog zombie (D:5)
  4 orc priests
  A bullfrog skeleton (D:5)
  2 centaur skeletons (D:4)
  2 hounds
  2 iguanas
  2 orc wizards
  2 worker ants
  3 gnolls
  5 adders
  2 river rats (D:3)
  2 shadow imps (D:5)
  An ooze (D:3)
  An adder skeleton (D:5)
  A worm (D:3)
  3 dart slugs
  5 leopard geckos
  9 orcs
  4 ball pythons
  5 bats
  7 giant cockroaches
  7 hobgoblins
  10 jackals
  10 kobolds
  A quokka (D:3)
  A ball python skeleton (D:4)
  4 frilled lizards
  6 goblins (D:1)
  A quokka skeleton (D:4)
  5 rats
113 creatures vanquished.

Notes
Turn   | Place    | Note
-------+----------+-------------------------------------------
     0 | D:1      | Ijustatesigmund the Octopode Fighter began the quest for
                  | the Orb.
     0 | D:1      | Reached XP level 1. HP: 16/16 MP: 1/1
   228 | D:1      | Reached XP level 2. HP: 20/21 MP: 2/2
   486 | D:1      | Reached skill level 3 in Axes
   578 | D:1      | Reached XP level 3. HP: 23/26 MP: 3/3
  1268 | D:2      | Reached skill level 4 in Axes
  1318 | D:2      | Reached XP level 4. HP: 24/31 MP: 4/4
  1907 | D:2      | Found a sacrificial altar of Ru.
  2425 | D:3      | Found a transporter.
  2426 | D:3      | Found a transporter.
  2426 | D:3      | Noticed Borgoz's ghost (amateur KoGl)
  2452 | D:3      | Reached skill level 5 in Axes
  2501 | D:3      | Reached XP level 5. HP: 36/36 MP: 5/5
  2850 | D:3      | Reached skill level 6 in Axes
  2850 | D:3      | Reached XP level 6. HP: 15/42 MP: 6/6
  3330 | D:3      | Reached skill level 7 in Axes
  3344 | D:4      | Reached XP level 7. HP: 33/46 MP: 7/7
  3741 | D:4      | Reached skill level 8 in Axes
  3922 | D:4      | Found a roughly hewn altar of Beogh.
  4055 | D:5      | Entered Level 5 of the Dungeon
  4192 | D:5      | Reached skill level 9 in Axes
  4192 | D:5      | Reached XP level 8. HP: 33/52 MP: 8/8
  4374 | D:5      | Slain by a sky beast

Levels and vault maps discovered:
D:1:      minmay_arrival_jagged, layout_loops_ring
D:2:      layout_basic, nicolae_ru_great_annihilating_truth
D:3:      layout_basic, gammafunk_ghost_arena, portal_sewer_entry_b,
          grunt_decor_mini_mirrors
D:4:      layout_rooms, first_ration, kennysheep_orc_chapel
D:5:      layout_rooms, lemuel_coloured_pillars_altar, serial_shops,
          kennysheep_mini

Skill      XL: |  1  2  3  4  5  6  7 |
---------------+----------------------+-----
Axes           | 3 4 5 6 7 9 |  9.0
Fighting       | |  3.2
Dodging        | |  3.2
Shields        | |  3.2

Action                   |  1- 3 |  4- 6 |  7- 9 || total
-------------------------+-------+-------+-------++-------
Melee: War axe           |    66 |    66 |    56 ||   188
       Constrict         |    19 |    22 |    15 ||    56
       Tentacles         |     9 |    17 |    10 ||    36
       Broad axe         |       |       |    12 ||    12
Evoke: Wand              |       |     8 |     1 ||     9
  Use: Scroll            |     2 |     7 |     3 ||    12
       Potion            |       |     2 |     1 ||     3
 Stab: Sleeping          |     2 |     5 |     2 ||     9
       Distracted        |     1 |       |       ||     1
       Paralysed         |       |     1 |       ||     1
  Eat: Chunk             |     1 |     5 |       ||     6
       Ration            |       |     1 |     1 ||     2
Armor: Skin              |    10 |     1 |     4 ||    15
Dodge: Dodged            |    32 |    30 |    30 ||    92
Block: Shield            |    27 |    25 |    38 ||    90

Table legend:
 A = Non-vault XP
 B = Vault XP
 C = Vault XP percentage of total XP
 D = Non-vault monster count
 E = Vault monster count
 F = Vault count percentage of total count
                 A         B        C        D         E       F
            +---------+---------+-------+---------+---------+-------
      Total |    1215 |     130 |   9.7 |     101 |      12 |  10.6
            +---------+---------+-------+---------+---------+-------
        D:1 |      61 |       0 |   0.0 |      32 |       0 |   0.0
        D:2 |      67 |       6 |   8.2 |       6 |       4 |  40.0
        D:3 |     394 |      34 |   7.9 |      30 |       5 |  14.3
        D:4 |     396 |      90 |  18.5 |      21 |       3 |  12.5
        D:5 |     297 |       0 |   0.0 |      12 |       0 |   0.0
            +---------+---------+-------+---------+---------+-------
